 Dungeon Crawl Stone Soup version 0.17.1-1-g73c8601 (webtiles) character file.

95 Opium the Chopper (level 4, -7/34 HPs)
             Began as a Demonspawn Gladiator on Dec 12, 2015.
             Killed from afar by redy5's ghost (12 damage)
             ... with a flame tongue
             ... on level 3 of the Dungeon.
             The game lasted 00:14:03 (3177 turns).

Opium the Chopper (Demonspawn Gladiator)            Turns: 3177, Time: 00:14:03

Health: -7/34      AC:  5    Str: 16    XL:     4   Next: 40%
Magic:  4/4        EV: 12    Int: 10    God:
Gold:   65         SH:  0    Dex: 13    Spells: 0 memorised, 3 levels left

rFire  . . .     SeeInvis .     a - +0 war axe
rCold  + . .     Clarity  .     o - +0 ring mail
rNeg   . . .     SustAt   .     (no shield)
rPois  .         Gourm    .     (helmet restricted)
rElec  .         Spirit   .     (no cloak)
rCorr  .         Warding  .     (no gloves)
rMut   .         Stasis   .     (no boots)
MR     .....                    (no amulet)
Stlth  +.........               (no ring)
                                m - ring of ice

@: not resistant to hostile enchantments, very unstealthy
A: antennae 1, fire resistance 1
a: no special abilities


You were on level 3 of the Dungeon.
You were hungry.

You visited 1 branch of the dungeon, and saw 3 of its levels.

You collected 65 gold pieces.

Inventory:

Hand Weapons
 a - a +0 war axe (weapon)
Missiles
 p - 24 stones (quivered)
Armour
 b - a +0 leather armour
 c - a +0 helmet
 o - a +0 ring mail (worn)
Jewellery
 m - a ring of ice (left hand)
 n - an uncursed ring of protection from fire {unknown}
Scrolls
 f - 4 scrolls of identify {unknown}
 g - 2 scrolls of teleportation {unknown}
 h - 3 scrolls of fear {unknown}
 i - a scroll of noise {unknown}
 j - a scroll of remove curse {unknown}
 k - a scroll of enchant weapon {unknown}
 l - a scroll of enchant armour {unknown}
 s - 3 scrolls of fog {unknown}
Potions
 d - a potion of heal wounds {unknown}
 q - a potion of poison {unknown}
 r - 2 potions of lignification {unknown}
Comestibles
 e - a bread ration


   Skills:
 + Level 2.6 Fighting
 + Level 3.6 Axes
 + Level 1.8 Throwing
 + Level 1.0 Armour
 + Level 3.4 Dodging
 + Level 0.2 Stealth


You had 3 spell levels left.
You didn't know any spells.

Dungeon Overview and Level Annotations

Branches:
Dungeon (3/15)

Altars:

Annotations:
D:3 redy5's ghost, weakling HEFE


Innate Abilities, Weirdness & Mutations

You have a pair of small antennae on your head.
Your flesh is heat resistant.


Message History

Throwing (i - inventory. (,) - cycle):
t - a throwing net (quivered)
Press: ? - help, Shift-Dir - straight line, f/p - redy5's ghost
Aim: redy5's ghost, wielding a vorpal weapon You throw a throwing net.
The throwing net closely misses redy5's ghost.
Redy5's ghost hits you.
You barely miss redy5's ghost. Redy5's ghost hits you.
* * * LOW HITPOINT WARNING * * *
You closely miss redy5's ghost. Redy5's ghost closely misses you.
Redy5's ghost misses you.
You closely miss redy5's ghost.
Redy5's ghost hits you but does no damage.
You slash redy5's ghost!
Redy5's ghost is heavily damaged.
Redy5's ghost points at you and mumbles some strange words.
The flame tongue hits you!
* * * LOW HITPOINT WARNING * * *
Redy5's ghost points at you and mumbles some strange words.
The flame tongue hits you!
You die...

#<# #.######## #.W{.J...#
########.# ##### #.#
#...# #.# #...#####.#
###############...##.....
#.......@.W.(.'...(...#.#
#.#############...##..#.#
#.# #...##....# #.#
#######.#.. #.# #.#.. #.#
#.#.. #.# #.#.. #.# #.#..
#.# #.#..


You could see redy5's ghost.

Vanquished Creatures
  3 adders (D:2)
  2 oozes
  2 worms
  An orc (D:3)
  4 giant cockroaches
  4 goblins (D:1)
  6 hobgoblins (D:1)
  4 jackals (D:1)
  7 kobolds
  A quokka (D:2)
  2 ball pythons (D:2)
  11 bats
  4 giant newts
  5 rats
56 creatures vanquished.

Notes
Turn   | Place    | Note
--------------------------------------------------------------
     0 | D:1      | Opium the Demonspawn Gladiator began the quest for the Orb.
     0 | D:1      | Reached XP level 1. HP: 16/16 MP: 1/1
   139 | D:1      | Reached skill level 3 in Dodging
   223 | D:1      | Gained mutation: You have a pair of small antennae on your head. [demonic ancestry]
   223 | D:1      | Reached XP level 2. HP: 22/22 MP: 2/2
   800 | D:1      | Gained mutation: Your flesh is heat resistant. [demonic ancestry]
   800 | D:1      | Reached XP level 3. HP: 27/27 MP: 3/3
  1575 | D:3      | Noticed redy5's ghost (weakling HEFE)
  1864 | D:2      | Reached XP level 4. HP: 18/34 MP: 4/4
  2613 | D:3      | Reached skill level 1 in Armour
  2619 | D:3      | HP: 1/34 [redy5's ghost (1)]
  3177 | D:3      | Killed from afar by redy5's ghost

Action                   |  1- 3 |  4- 6 || total
-------------------------+-------+-------++-------
Melee: War axe           |   121 |    41 ||   162
Throw: Throwing net      |     8 |     5 ||    13
  Use: Potion            |     1 |       ||     1
 Stab: Held in net/web   |     1 |     1 ||     2
  Eat: Meat ration       |     1 |       ||     1
       Beef jerky        |     1 |       ||     1
